 Dungeon Crawl Stone Soup version 0.23.2-1-ga50397a (webtiles) character file.

Game seed: 16453033813972883058

2691 Fang the Skirmisher (level 9, -2/88 HPs)
             Began as a Gargoyle Berserker on May 29, 2019.
             Was an Elder of Trog.
             Slain by a hornet (9 damage)
             ... on level 8 of the Dungeon.
             The game lasted 00:10:34 (7566 turns).

Fang the Skirmisher (Gargoyle Berserker)            Turns: 7566, Time: 00:10:34

Health: -2/88      AC: 19    Str: 28    XL:     9   Next: 65%
Magic:  9/9        EV:  9    Int:  9    God:    Trog [****..]
Gold:   445        SH:  0    Dex:  9    Spells: 8/8 levels left

rFire    . . .     SeeInvis .   a - +0 war axe
rCold    . . .     Gourm    .   (no shield)
rNeg     + . .     Faith    .   b - +0 plate armour
rPois    ∞         Spirit   .   (no helmet)
rElec    +         Reflect  .   (no cloak)
rCorr    .         Harm     .   (no gloves)
MR       ++...                  (no boots)
Stlth    ..........             (no amulet)
HPRegen  1.24/turn              (no ring)
MPRegen  0.11/turn              (no ring)

@: berserking, regenerating, very quick
A: negative energy resistance 1, electricity resistance, unbreathing,
petrification resistance, rot immunity, AC +6
a: Berserk, Trog's Hand, Brothers in Arms, Renounce Religion


You were on level 8 of the Dungeon.
You worshipped Trog.
Trog was greatly pleased with you.
You were not hungry.

You visited 2 branches of the dungeon, and saw 9 of its levels.
You also visited: Sewer and Ossuary.

You collected 445 gold pieces.

Inventory:

Hand Weapons
 a - a +0 war axe (weapon)
Armour
 b - a +0 plate armour (worn)
Jewellery
 t - an uncursed amulet of magic regeneration {unknown}
Wands
 s - a wand of polymorph (10)
 w - a wand of enslavement (14)
Scrolls
 e - 4 scrolls of teleportation {unknown}
 f - 9 scrolls of remove curse {unknown}
 h - 5 scrolls of random uselessness {unknown}
 i - 2 scrolls of blinking {unknown}
 j - 11 scrolls of identify {unknown}
 k - 2 scrolls of noise {unknown}
 n - 4 scrolls of amnesia {unknown}
 o - a scroll of enchant armour {unknown}
 q - 4 scrolls of enchant weapon {unknown}
 r - 2 scrolls of fog {unknown}
 u - a scroll of vulnerability {unknown}
 y - a scroll of immolation {unknown}
Potions
 d - a potion of agility {unknown}
 g - 3 potions of brilliance {unknown}
 l - 2 potions of haste {unknown}
 m - 4 potions of lignification {unknown}
 p - 3 potions of curing
 v - 2 potions of invisibility {unknown}
 x - 2 potions of heal wounds {unknown}
 z - 3 potions of mutation {unknown}
 A - 10 potions of degeneration {unknown}
 B - 3 potions of magic {unknown}
 C - a potion of might {unknown}
 D - a potion of flight {unknown}
Comestibles
 c - 13 rations


   Skills:
 + Level 7.8 Fighting
 + Level 6.5 Axes
 + Level 7.3 Armour
 + Level 5.5 Dodging


You had 8 spell levels left.
You didn't know any spells.
Your spell library was empty.

Dungeon Overview and Level Annotations

Branches:
Dungeon (8/15)             Temple (1/1) D:4
   Lair: D:8-11

Altars:
Cheibriados
Makhleb
Nemelex Xobeh
Trog

Shops:
D:4 *   D:6 (


Innate Abilities, Weirdness & Mutations

You are resistant to torment.
Your stone body is resilient. (AC +6)
You are immune to poison.
You resist negative energy. (rN+)
You are resistant to electric shocks. (rElec)
You can survive without breathing.
You are immune to petrification.
You are immune to rotting.


Message History

The orc warrior hits you but does no damage.
The hornet barely misses you.
You slash the orc wizard!
The orc wizard is almost dead.
You hit the bullfrog.
You kill the bullfrog!
Trog accepts your kill.
You closely miss the hornet.
The orc wizard gestures wildly while chanting.
The orc wizard flickers and vanishes!
The hornet closely misses you.
The orc warrior hits you from afar with a +0 trident!
* * * LOW HITPOINT WARNING * * *
You closely miss something. You barely miss the hornet.
The hornet stings you but does no damage.
Something hits you but does no damage.
The orc warrior hits you from afar with a +0 trident!
* * * LOW HITPOINT WARNING * * *
You miss something. You slash something! You slash the hornet!
The hornet stings you!
You die...

#.# #.........
#......
#.#####.....####
#......
#...............
#......
########....######.
#......
#....#......
#.#.### #.........#
#.#.# #..#.#....#
#.#.# #.........#
#.##@####.#
#....{{y......
#.#.....o.....
#.............
#.............
#.............
...............
###......../...


You could see a hornet and an orc warrior.

Vanquished Creatures
  Grinder (D:6)
  Eustachio (D:6)
  An orc warrior (D:3)
  An ice beast (D:6)
  2 phantoms
  2 necrophages (D:7)
  An ogre (D:6)
  2 centaurs (D:6)
  6 bullfrogs
  A howler monkey (D:2)
  A centaur zombie (D:5)
  3 crimson imps
  A human zombie (Ossuary)
  A bullfrog zombie (D:5)
  5 hounds
  2 jellies (D:6)
  A gnoll shaman (D:6)
  3 orc wizards
  2 bullfrog skeletons
  2 iguanas (D:4)
  7 worker ants
  A killer bee zombie (D:6)
  5 mummies
  11 gnolls
  6 adders
  A howler monkey skeleton (D:4)
  A shadow imp (D:5)
  An ooze (D:4)
  A worm (D:3)
  4 dart slugs
  5 leopard geckos
  9 orcs
  13 giant cockroaches
  A gnoll zombie (Ossuary)
  5 goblins
  6 hobgoblins
  4 jackals (D:4)
  9 kobolds
  2 quokkas
  3 ball pythons
  4 bats
  13 frilled lizards
  A goblin zombie (Ossuary)
  A hobgoblin zombie (Ossuary)
  A jackal skeleton (D:6)
  2 kobold zombies (Ossuary)
  2 orc zombies (Ossuary)
  3 rats
161 creatures vanquished.

Notes
Turn   | Place    | Note
-------+----------+-------------------------------------------
     0 | D:1      | Fang the Gargoyle Berserker began the quest for the Orb.
     0 | D:1      | Reached XP level 1. HP: 14/14 MP: 1/1
   182 | D:1      | Reached XP level 2. HP: 19/19 MP: 2/2
   690 | D:2      | Reached XP level 3. HP: 23/23 MP: 3/3
   705 | D:2      | Reached ** piety under Trog
  1319 | D:2      | Reached XP level 4. HP: 18/29 MP: 4/4
  1420 | D:2      | Found a snail-covered altar of Cheibriados.
  1439 | D:2      | Found a snail-covered altar of Cheibriados.
  1535 | D:3      | Noticed a phantom
  1677 | D:3      | Found a burning altar of Makhleb.
  1685 | D:3      | Reached XP level 5. HP: 33/33 MP: 5/5
  1969 | D:3      | Noticed an orc warrior
  1985 | D:3      | Killed an orc warrior
  1985 | D:3      | Reached XP level 6. HP: 11/39 MP: 6/6
  2289 | D:3      | Killed a phantom
  2300 | D:3      | Found a bloodstained altar of Trog.
  2761 | D:4      | Found Zeecelir's Assorted Antiques.
  2779 | D:4      | Reached skill level 5 in Fighting
  2791 | D:4      | Reached XP level 7. HP: 44/44 MP: 7/7
  3055 | D:4      | Found a glowing drain.
  3059 | Sewer    | Entered a sewer
  3102 | Sewer    | Reached *** piety under Trog
  3686 | D:4      | Found a staircase to the Ecumenical Temple.
  3743 | Temple   | Entered the Ecumenical Temple
  4207 | D:5      | Entered Level 5 of the Dungeon
  4253 | D:5      | Reached skill level 5 in Armour
  4534 | D:5      | Reached XP level 8. HP: 45/51 MP: 8/8
  4791 | D:5      | Reached skill level 5 in Axes
  5461 | D:6      | Noticed Eustachio
  5483 | D:6      | Killed Eustachio
  5579 | D:6      | Noticed Grinder
  5602 | D:6      | Paralysed by Grinder for 7 turns
  5613 | D:6      | Killed Grinder
  5613 | D:6      | Reached XP level 9. HP: 32/57 MP: 9/9
  5837 | D:6      | Reached skill level 5 in Dodging
  6067 | D:6      | Found Poseang's Antique Weapon Boutique.
  6688 | D:7      | Reached **** piety under Trog
  7034 | D:7      | Found a sand-covered staircase.
  7045 | Ossuary  | Entered an ossuary
  7551 | D:8      | Noticed a hornet
  7566 | D:8      | Slain by a hornet

Skill      XL: |  1  2  3  4  5  6  7  8  9 |
---------------+----------------------------+-----
Axes           | 3 4 5 6 |  6.5
Dodging        | 2 3 4 5 |  5.5
Armour         | 3 4 5 6 7 |  7.3
Fighting       | 4 5 7 |  7.8

Action                   |  1- 3 |  4- 6 |  7- 9 || total
-------------------------+-------+-------+-------++-------
Melee: Hand axe          |   102 |   149 |   442 ||   693
       War axe           |       |       |   172 ||   172
Invok: Berserk           |       |     2 |     4 ||     6
       Trog's Hand       |       |       |     1 ||     1
  Eat: Chunk             |     1 |     6 |    19 ||    26
       Ration            |       |       |     1 ||     1
Armor: Plate armour      |    81 |   113 |   543 ||   737
Dodge: Dodged            |    34 |    55 |   303 ||   392
